 Dungeon Crawl Stone Soup version 0.28.0-47-ge53b351184 (webtiles) character file.

Game seed: 16542888820872392750

1617 pkoi the Martial Artist (level 8, -6/62 HPs)
             Began as a Demigod Gladiator on Apr 25, 2022.
             Shot with a stone by an orc warrior (12 damage)
             ... on level 5 of the Dungeon.
             The game lasted 00:11:02 (9440 turns).

pkoi the Martial Artist (Demigod Gladiator)         Turns: 9440, Time: 00:11:02

Health: -6/62      AC:  5    Str: 15    XL:     8   Next: 37%
Magic:  10/10      EV: 13    Int: 18    God:
Gold:   244        SH:  0    Dex: 15    Spells: 7/7 levels left

rFire   + . .      SeeInvis .   f - +1 dagger (venom)
rCold   + . .      Faith    .   (no shield)
rNeg    . . .      Spirit   .   m - +2 robe {Will+}
rPois   .          Reflect  .   b - +0 helmet
rElec   .          Harm     .   l - scarf {rC+ rF+}
rCorr   .          Rampage  .   (no gloves)
Will    +....                   (no boots)
Stlth   +.........              (no amulet)
HPRegen 0.20/turn               r - ring of wizardry
MPRegen 0.12/turn               (no ring)

@: no status effects
A: high MP 1, forlorn, divine attributes
a: no special abilities


You were on level 5 of the Dungeon.
You visited 1 branch of the dungeon, and saw 5 of its levels.
You also visited: Ossuary.

You collected 244 gold pieces.

Inventory:

Hand Weapons
 f - a +1 dagger of venom (weapon)
 s - a +2 dagger of electrocution
Missiles
 c - 5 throwing nets
 n - 6 poisoned darts (quivered)
Armour
 a - a +0 leather armour
 b - a +0 helmet (worn)
 k - a +0 ring mail
 l - a scarf of resistance (worn)
 m - a +2 robe of willpower (worn)
Jewellery
 r - a ring of wizardry (left hand)
Wands
 q - a wand of iceblast (5)
Scrolls
 g - 3 scrolls of fear
 h - a scroll of fog
 o - 2 scrolls of identify
 t - 2 scrolls of teleportation
Potions
 d - a potion of degeneration {unknown}
 e - 3 potions of flight {unknown}
 i - a potion of heal wounds
 j - a potion of invisibility {unknown}
 p - 3 potions of curing
 u - a potion of haste {unknown}


   Skills:
 * Level 2.9 Fighting
 - Level 1.7 Throwing
 * Level 3.5 Dodging
 + Level 9.9 Unarmed Combat


You had 7 spell levels left.
You didn't know any spells.
Your spell library was empty.

Dungeon Overview and Level Annotations

Branches:
Dungeon (5/15)            Ossuary (visited)
 Temple: D:4-7

Shops:
D:1 =   D:2 (


Innate Abilities, Weirdness & Mutations

You have an increased reservoir of magic. (+10% MP)
You shall have no god before yourself.
Your divine heritage dramatically boosts your attributes as you level up.


Message History

The orc warrior shoots a stone.
The stone hits you!
You are too injured to fight recklessly!
You are too injured to fight recklessly!
You are too injured to fight recklessly!
You are too injured to fight recklessly!
You are too injured to fight recklessly!
You are too injured to fight recklessly!
You are too injured to fight recklessly!
You are too injured to fight recklessly!
You are too injured to fight recklessly!
You are too injured to fight recklessly!
You are too injured to fight recklessly!
You are too injured to fight recklessly!
You are too injured to fight recklessly!
You are too injured to fight recklessly!
You are too injured to fight recklessly!
Your +1 dagger of venom begins to drip with poison!
f - a +1 dagger of venom (weapon)
The orc warrior shoots a stone.
The stone hits you!
* * * LOW HITPOINT WARNING * * *
The orc warrior shoots a stone.
The stone hits you.
* * * LOW HITPOINT WARNING * * *
The orc warrior shoots a stone.
The stone hits you!
* * * LOW HITPOINT WARNING * * *
The orc warrior unwields a +0 hunting sling.
The orc warrior wields a +0 scimitar.
The orc warrior closely misses you.
You hit the orc warrior.
The orc warrior is poisoned.
The orc warrior is lightly wounded.
You barely miss the orc warrior.
The orc warrior is moderately wounded.
The orc warrior hits you with a +0 scimitar!!
* * * LOW HITPOINT WARNING * * *
The orc warrior unwields a +0 scimitar.
The orc warrior wields a +0 hunting sling.
The orc warrior shoots a stone.
The stone closely misses you.
The orc warrior shoots a stone.
The stone hits you.
* * * LOW HITPOINT WARNING * * *
The orc warrior shoots a stone.
The stone barely misses you.
The orc warrior shoots a stone.
The stone hits you!
You die...

###....##'##.##............#
##...#.....###.#..........#
#...#.......##.############
#.8...8.o.8.##.#
#...#...#...##.#
##...###.###.###.#
####.....#...#...##.# .
.....8...8...8.##.# .
##.....#...#..@##.#
.##...#.###.###.....#
.##......#...#....#.#
#......8...8...8....#
.................####
#.......#####..###
###.........^.##
#...######### #####


You could see an orc warrior (very poisoned).

Vanquished Creatures
  Sigmund (D:3)
  An ice beast (D:4)
  A necrophage (D:5)
  2 ogres
  A centaur (D:3)
  2 elf zombies (Ossuary)
  3 scorpions
  4 centaur zombies (Ossuary)
  A human zombie (Ossuary)
  A hound (D:4)
  A bullfrog skeleton (D:5)
  5 orc wizards
  2 iguanas
  A hound zombie (Ossuary)
  2 hound skeletons
  3 mummies (Ossuary)
  4 adders
  7 gnolls
  An ufetubus (D:5)
  3 adder zombies (Ossuary)
  3 dart slugs
  A worm (D:2)
  16 orcs
  11 bats
  4 endoplasms
  5 giant cockroaches
  14 goblins
  6 hobgoblins
  A quokka (D:4)
  4 ball pythons
  4 frilled lizards
  A gnoll zombie (Ossuary)
  4 goblin zombies (Ossuary)
  5 hobgoblin zombies (Ossuary)
  5 jackal zombies (Ossuary)
  9 kobolds
  2 kobold zombies (Ossuary)
  2 orc zombies (Ossuary)
  A quokka zombie (Ossuary)
  4 rats
  5 rat zombies (Ossuary)
153 creatures vanquished.

Vanquished Creatures (others)
  A jelly (D:5)
1 creature vanquished.

Grand Total: 154 creatures vanquished

Notes
Turn   | Place    | Note
-------+----------+-------------------------------------------
     0 | D:1      | pkoi the Demigod Gladiator began the quest for the Orb.
     0 | D:1      | Reached XP level 1. HP: 17/17 MP: 3/3
   210 | D:1      | Reached skill level 3 in Unarmed Combat
   456 | D:1      | Found Xol Arghu's Jewellery Shoppe.
   512 | D:1      | Reached XP level 2. HP: 21/24 MP: 4/4
   944 | D:2      | Reached XP level 3. HP: 18/29 MP: 5/5
  1214 | D:2      | Reached skill level 4 in Unarmed Combat
  1595 | D:2      | Found Etasueh's Antique Weapon Emporium.
  2621 | D:3      | Reached XP level 4. HP: 35/36 MP: 6/6
  2730 | D:3      | Noticed Sigmund
  2733 | D:3      | Noticed an ogre
  3486 | D:2      | Killed an ogre
  3487 | D:2      | Reached skill level 5 in Unarmed Combat
  3487 | D:2      | Reached XP level 5. HP: 20/41 MP: 7/7
  4442 | D:3      | Reached skill level 6 in Unarmed Combat
  4473 | D:3      | Killed Sigmund
  4474 | D:3      | Reached XP level 6. HP: 18/48 MP: 8/8
  4949 | D:3      | Reached skill level 7 in Unarmed Combat
  5167 | D:3      | You fall into a shaft and drop 2 floors!
  5167 | D:5      | Entered Level 5 of the Dungeon
  5965 | D:4      | Reached XP level 7. HP: 34/53 MP: 9/9
  5965 | D:4      | Found a sand-covered staircase.
  5973 | Ossuary  | Entered an ossuary
  6152 | Ossuary  | Reached skill level 8 in Unarmed Combat
  6645 | Ossuary  | Reached skill level 9 in Unarmed Combat
  7720 | D:4      | Reached XP level 8. HP: 60/60 MP: 10/10
  9440 | D:5      | Shot with a stone by an orc warrior

Illustrated notes

Levels and vault maps discovered:
D:1:      dpeg_arrival_morbid_curiosity, layout_basic, serial_shops, shop,
          hex_tiny, minivault_5
D:2:      layout_loops_ring, serial_shops, nicolae_shop_trees, basic_altar,
          hellmonk_ecumenical_altar_crossroads, minmay_goblin_outpost
D:3:      layout_basic, uniq_sigmund
D:4:      layout_rooms, nicolae_ossuary_entry_monument,
          minmay_misc_feat_encased, kennysheep_generic_room_10
D:5:      layout_loops_ring, dk_noncrumbling_4, minmay_misc_feat_four_crosses,
          lemuel_flame_loot_1

Skill      XL: |  1  2  3  4  5  6  7  8 |
---------------+-------------------------+-----
Unarmed Combat | 3 4 5 6 7 9 |  9.9
Fighting       | 2 |  2.9
Dodging        | 3 |  3.5
Throwing       | |  1.7

Action                   |  1- 3 |  4- 6 |  7- 9 || total
-------------------------+-------+-------+-------++-------
Melee: Unarmed           |    19 |    19 |   307 ||   345
       Dagger            |   138 |   142 |     5 ||   285
       Punch             |     7 |     3 |    28 ||    38
Throw: Dart              |       |     4 |       ||     4
  Use: Scroll            |       |     6 |     3 ||     9
       Potion            |       |     3 |       ||     3
 Stab: Sleeping          |     1 |       |       ||     1
Armor: Leather armour    |    26 |       |       ||    26
       Ring mail         |    48 |    88 |   105 ||   241
       Robe              |       |       |    13 ||    13
Dodge: Dodged            |    98 |    87 |   149 ||   334
